 Dungeon Crawl Stone Soup version 0.29-a0-378-gc08b2e8bf8 (webtiles) character file.

Game seed: 17590053635146478069

1591 jlumianski the Chopper (level 8, -6/63 HPs)
             Began as a Demonspawn Fighter on May 4, 2022.
             Mangled by an ogre
             ... wielding a +0 giant club
              (26 damage)
             ... on level 6 of the Dungeon.
             The game lasted 00:17:24 (6047 turns).

jlumianski the Chopper (Demonspawn Fighter)         Turns: 6047, Time: 00:17:25

Health: -6/63      AC: 15    Str: 18    XL:     8   Next: 61%
Magic:  8/8        EV:  5    Int:  9    God:
Gold:   265        SH:  5    Dex: 14    Spells: 7/7 levels left

rFire   . . .      SeeInvis +   a - +1 war axe
rCold   . . .      Faith    .   c - +0 buckler
rNeg    . . .      Spirit   .   n - +0 plate armour
rPois   .          Reflect  .   (helmet restricted)
rElec   .          Harm     .   (no cloak)
rCorr   .          Rampage  .   (gloves unavailable)
Will    .....                   t - +2 pair of boots
Stlth   ..........              l - amulet of the acrobat
HPRegen 0.20/turn               e - ring of flight
MPRegen 0.22/turn               g - ring of see invisible

@: flying
A: antennae 1, claws 3, hooves 1, magic regeneration
a: no special abilities


You were on level 6 of the Dungeon.
You visited 1 branch of the dungeon, and saw 6 of its levels.
You also visited: Ossuary.

You collected 265 gold pieces.

Inventory:

Hand Weapons
 a - a +1 war axe (weapon)
 w - a +1 vorpal mace
Missiles
 f - 185 stones
 o - 6 javelins (quivered)
Armour
 b - a +0 scale mail
 c - a +0 buckler (worn)
 h - a +0 helmet
 k - a +2 robe of the Archmagi
 n - a +0 plate armour (worn)
 t - a +2 pair of boots (worn)
Jewellery
 e - a ring of flight (left claw)
 g - a ring of see invisible (right claw)
 l - an amulet of the acrobat (around neck)
 r - a +4 ring of protection
 v - a +4 ring of evasion
Scrolls
 j - a scroll of enchant weapon
 m - 2 scrolls of fog
 p - 2 scrolls of noise
 x - a scroll of teleportation
 y - a scroll of blinking
Potions
 d - 5 potions of might
 i - a potion of magic
 q - 2 potions of heal wounds
 s - a potion of curing
 u - a potion of attraction {unknown}
 z - 3 potions of lignification {unknown}
 A - a potion of brilliance


   Skills:
 + Level 5.4 Fighting
 + Level 7.5 Axes
 + Level 1.1 Throwing
 + Level 4.9 Armour
 + Level 0.5 Dodging
 + Level 0.4 Stealth
 + Level 3.8 Shields


You had 7 spell levels left.
You didn't know any spells.
Your spell library contained the following spells:

 Spells                   Type           Power      Damage    Failure   Level
 Gell's Gravitas          Tloc           0%         N/A       100%        3
 Portal Projectile        Hex/Tloc       0%         N/A       100%        3
 Teleport Other           Tloc           0%         N/A       100%        3
 Blade Hands              Tmut           0%         N/A       100%        5
 Excruciating Wounds      Necr           0%         N/A       100%        5
 Dispersal                Tloc           0%         N/A       100%        6


Dungeon Overview and Level Annotations

Branches:
Dungeon (6/15)            Ossuary (visited)
 Temple: D:4-7

Altars:
Ashenzari
Cheibriados
Elyvilon
Fedhas
Makhleb
Ru
Xom
Zin
The Shining One

Shops:
D:5 *


Innate Abilities, Weirdness & Mutations

You have a pair of small antennae on your head.
You have claws for hands.
You have large cloven feet.
You regenerate magic rapidly.


Message History

The iguana bites you.
* * * LOW HITPOINT WARNING * * *
The howler monkey barely misses you.
You feel much better. The iguana bites you.
The howler monkey hoots and howls with incredible vigour!
You closely miss the iguana.
The iguana is heavily wounded.
You closely miss the howler monkey.
The howler monkey hits you but does no damage.
You block the iguana's attack.
You slash the iguana!
You kill the iguana!
You hit the howler monkey but do no damage.
The howler monkey hits you.
The howler monkey hits you but does no damage.
You hit the white imp.
The white imp is severely wounded.
You slash the howler monkey!
You hear the rusting of a very distant drain.
The white imp gestures at you. The puff of frost hits you!
You block the howler monkey's attack.
The white imp hits you but does no damage.
You slash the white imp!
You kill the white imp!
You hit the howler monkey. The howler monkey hits you.
The howler monkey hoots and howls with incredible vigour!
You hit the howler monkey.
The howler monkey is almost dead.
The howler monkey hits you.
You barely miss the howler monkey.
The howler monkey is almost dead.
The howler monkey hits you but does no damage.
You completely miss the howler monkey.
The howler monkey is almost dead.
The howler monkey barely misses you. You block the howler monkey's attack.
You slash the howler monkey!
You kill the howler monkey!
You barely miss the ogre.
The ogre hits you with a +0 giant club!!
You die...

#.....###.#.##.#
##..............#
####.......###..####
##P.#....†..###..#
##PP....#.#..#....#
#.#P...##......#.##
#...#.####..#.#.#
######O###......#
#@#.....#.### #####
#†#....##.# #.#.#
#.#.......#
##..###......##.#
##.....#.......#
##...##h..#####
######...# #.5.#
#O..#


You could see an ogre.

Vanquished Creatures
  Grinder (D:3)
  Sigmund (D:2)
  An ogre (D:4)
  A centaur (D:6)
  An elf zombie (Ossuary)
  3 bullfrogs (D:6)
  2 scorpions (D:5)
  A howler monkey (D:6)
  4 centaur zombies (Ossuary)
  A human zombie (Ossuary)
  3 hounds
  6 iguanas
  An orc wizard (D:3)
  2 mummies (Ossuary)
  Robin (D:4)
  A gnoll (D:1)
  5 adders
  A shadow imp (D:5)
  A white imp (D:6)
  An ufetubus (D:5)
  2 adder zombies (Ossuary)
  5 worms
  A dart slug (D:3)
  5 orcs
  6 ball pythons
  8 endoplasms
  13 giant cockroaches
  14 goblins
  13 hobgoblins
  6 kobolds
  A quokka (D:5)
  2 bats
  6 frilled lizards
  7 hobgoblin zombies (Ossuary)
  A jackal zombie (Ossuary)
  10 kobold zombies (Ossuary)
  11 orc zombies (Ossuary)
  4 rats
153 creatures vanquished.

Vanquished Creatures (others)
  A fungus (D:6)
  8 plants (D:1)
9 creatures vanquished.

Grand Total: 162 creatures vanquished

Notes
Turn   | Place    | Note
-------+----------+-------------------------------------------
     0 | D:1      | jlumianski the Demonspawn Fighter began the quest for the
                  | Orb.
     0 | D:1      | Reached XP level 1. HP: 18/18 MP: 1/1
   295 | D:1      | Discovered your monstrous ancestry.
   295 | D:1      | Gained mutation: You have sharp fingernails. [demonic
                  | ancestry]
   295 | D:1      | Reached XP level 2. HP: 24/24 MP: 2/2
   414 | D:1      | Reached skill level 2 in Axes
   447 | D:1      | Gained mutation: You have very sharp fingernails. [demonic
                  | ancestry]
   447 | D:1      | Reached XP level 3. HP: 6/29 MP: 3/3
   842 | D:1      | You are sucked into a shaft and drop 1 floor!
  1349 | D:1      | Gained mutation: You have large cloven feet. [demonic
                  | ancestry]
  1349 | D:1      | Reached XP level 4. HP: 29/35 MP: 4/4
  1719 | D:2      | Reached skill level 3 in Axes
  2187 | D:2      | Noticed Sigmund
  2192 | D:2      | Killed Sigmund
  2193 | D:2      | Reached skill level 4 in Axes
  2193 | D:2      | Gained mutation: You have claws for hands. [demonic
                  | ancestry]
  2193 | D:2      | Reached XP level 5. HP: 41/41 MP: 5/5
  2265 | D:3      | Gained mutation: You regenerate magic rapidly. [demonic
                  | ancestry]
  2265 | D:3      | Reached XP level 6. HP: 45/48 MP: 6/6
  2290 | D:3      | Found a faded altar of an unknown god.
  3105 | D:4      | Noticed Robin
  3122 | D:4      | Killed Robin
  3281 | D:4      | Noticed Grinder
  3295 | D:4      | Paralysed by Grinder for 2 turns
  3312 | D:3      | Paralysed by Grinder for 5 turns
  3332 | D:3      | Killed Grinder
  3333 | D:3      | Reached skill level 5 in Axes
  3333 | D:3      | Reached skill level 1 in Throwing
  3333 | D:3      | Gained mutation: You have a pair of small antennae on your
                  | head. [demonic ancestry]
  3333 | D:3      | Reached XP level 7. HP: 27/54 MP: 7/7
  3817 | D:4      | Found a sacrificial altar of Ru.
  3817 | D:4      | Found a burning altar of Makhleb.
  3819 | D:4      | Found a broken altar of Ashenzari.
  3822 | D:4      | Found a blossoming altar of Fedhas.
  3976 | D:4      | Found a shimmering altar of Xom.
  4006 | D:4      | Noticed an angel
  4351 | D:5      | Entered Level 5 of the Dungeon
  4435 | D:5      | Found a snail-covered altar of Cheibriados.
  4465 | D:5      | Found Mef Ahag's General Store.
  4663 | D:5      | Found a sand-covered staircase.
  4670 | Ossuary  | Entered an ossuary
  4874 | Ossuary  | Reached skill level 6 in Axes
  5216 | Ossuary  | Reached skill level 5 in Fighting
  5216 | Ossuary  | Reached XP level 8. HP: 55/62 MP: 8/8
  6001 | D:6      | Reached skill level 7 in Axes
  6047 | D:6      | Mangled by an ogre

Illustrated notes

Levels and vault maps discovered:
D:1:      lightli_arrival_chessboard, layout_basic, nicolae_grassy_gnolls
D:2:      layout_basic, uniq_sigmund
D:3:      minmay_roachtagon, layout_basic, nicolae_overflow_ecumenical_swirl,
          minivault_19
D:4:      layout_loops_ring, grunt_temple_overflow_order_and_chaos_1,
          minitemple, minivault_14, uniq_robin, uniq_grinder
D:5:      layout_basic, lemuel_doored_altar, nicolae_ossuary_entry_monument,
          serial_shops, nicolae_shop_advertising_works
          [nicolae_subvault_shop_adworks]
D:6:      layout_loops_cross, amcnicky_altar_gilded, portal_sewer_entry_e,
          uniq_crazy_yiuf_cottage

Skill      XL: |  1  2  3  4  5  6  7  8 |
---------------+-------------------------+-----
Shields        | 3 |  3.8
Armour         | 3 4 |  4.9
Axes           | 2 4 5 6 7 |  7.5
Fighting       | 4 5 |  5.4
Throwing       | 1 |  1.1
Dodging        | |  0.5
Stealth        | |  0.4

Action                   |  1- 3 |  4- 6 |  7- 9 || total
-------------------------+-------+-------+-------++-------
Melee: War axe           |   107 |   125 |   233 ||   465
       Kick              |       |     9 |       ||     9
Throw: Stone             |     9 |    15 |       ||    24
       Javelin           |       |       |     2 ||     2
  Use: Potion            |       |     2 |     2 ||     4
       Scroll            |       |     7 |     5 ||    12
Armor: Scale mail        |    31 |       |       ||    31
       Plate armour      |    20 |    95 |   201 ||   316
Dodge: Dodged            |    44 |    54 |   103 ||   201
Block: Buckler           |    25 |    37 |    71 ||   133

Table legend: (Time is in decaauts)
 A = Elapsed time spent in this place.
 B = Non-inter-level travel time spent in this place.
 C = Inter-level travel time spent in this place.
 D = Time resting spent in this place.
 E = Time spent auto-exploring this place.
 F = Levels seen in this place.
 G = Mean time per level.
                   A        B        C        D        E       F      G
               +--------+--------+--------+--------+--------+-----+--------+
         Total |   6198 |   6042 |    156 |    302 |   3769 |   7 |  885.4 |
       Dungeon |   5591 |   5435 |    156 |    161 |   3766 |   6 |  931.8 |
       Ossuary |    607 |    607 |      0 |    141 |      3 |   1 |  607.0 |
               +--------+--------+--------+--------+--------+-----+--------+

Top non-repeatable levels by time:
     D:1: 1397 daAuts
     D:4: 1230 daAuts
     D:5: 928 daAuts
     D:3: 924 daAuts
     D:2: 902 daAuts
 Ossuary: 607 daAuts
     D:6: 207 daAuts
